 Dungeon Crawl Stone Soup version 0.18-a0-670-g393520a (webtiles) character file.

12 Glider the Grave Robber (level 2, -2/22 HPs)
             Began as a Deep Dwarf Necromancer on Dec 6, 2015.
             Slain by a kobold
             ... wielding a +0 club
              (3 damage)
             ... on level 1 of the Dungeon.
             The game lasted 00:02:46 (357 turns).

Glider the Grave Robber (Deep Dwarf Necromancer)     Turns: 357, Time: 00:02:46

Health: -2/22      AC:  2    Str: 11    XL:     2   Next: 20%
Magic:  4/4        EV: 13    Int: 15    God:
Gold:   23         SH:  0    Dex: 13    Spells: 1 memorised, 3 levels left

rFire  . . .     SeeInvis .     (no weapon)
rCold  . . .     Clarity  .     a - +0 robe
rNeg   . . .     SustAt   .     (no shield)
rPois  .         Gourm    .     (no helmet)
rElec  .         Spirit   .     (no cloak)
rCorr  .         Dismiss  .     (no gloves)
rMut   .         Stasis   .     (no boots)
MR     .....                    (no amulet)
Stlth  ++........               (no ring)
                                (no ring)

@: non-regenerating, not resistant to hostile enchantments, unstealthy
A: damage resistance, recharge devices, sense surroundings 1, slow regeneration
3
a: Device Recharging


You were on level 1 of the Dungeon.
You were not hungry.

You visited 1 branch of the dungeon, and saw 1 of its levels.

You collected 23 gold pieces.

Inventory:

Missiles
 e - 37 stones (quivered)
Armour
 a - a +0 robe (worn)
Wands
 c - a wand of heal wounds (5)
Books
 b - a book of Necromancy

   Spells                             Type                      Level
   a - Pain                           Necromancy                   1
   b - Animate Skeleton               Necromancy                   1
   c - Vampiric Draining              Necromancy                   3
   d - Regeneration                   Charms/Necromancy            3
   e - Animate Dead                   Necromancy                   4
   f - Control Undead                 Necromancy                   4
Comestibles
 d - a bread ration
 f - 4 chunks of flesh


   Skills:
 - Level 1.0 Armour
 * Level 2.9 Dodging
 - Level 2.4 Stealth
 - Level 1.7 Spellcasting
 - Level 4.3 Necromancy


You had 3 spell levels left.
You knew the following spells:

 Your Spells              Type           Power        Failure   Level  Hunger
a - Pain                  Necr           ##..         4%          1    ##.....


Dungeon Overview and Level Annotations

Branches:
Dungeon (1/15)

Altars:


Innate Abilities, Weirdness & Mutations

You are resistant to damage.
You can recharge devices by infusing magical energy.
You passively map a small area around you.
You do not regenerate naturally.


Message History

The kobold is moderately wounded.
The kobold hits you but does no damage.
You closely miss the kobold.
The kobold is moderately wounded.
The kobold hits you with a dagger.
A kobold comes into view. It is wielding a club.
You hit the kobold but do no damage. The kobold hits you with a dagger.
You barely miss the kobold. The kobold misses you. The kobold misses you.
You miss the kobold. The kobold hits you with a dagger.
* * * LOW HITPOINT WARNING * * *
The kobold completely misses you. The kobold closely misses you.
You barely miss the kobold. The kobold hits you with a club.
* * * LOW HITPOINT WARNING * * *
You barely miss the kobold. The kobold hits you with a club.
* * * LOW HITPOINT WARNING * * *
You hit the kobold but do no damage. The kobold closely misses you.
You closely miss the kobold. The kobold misses you.
You closely miss the kobold. The kobold hits you with a club.
You die...

*, ..........# #.# # * *
########..# #.# #
.########..#######.####
..........................>
,......######[.#########... *
, ,....#* #.....# #..# , ...#
#.###.# #.># ** #..# #.# #.#
#..# #..# #@# #.# #..#
.###### #..####K###^# #..#
.......##.....rK....# #..#
#.)...r.....############... *
#######.###................#.
,
...........#.############....
########.##.#.# #.)#.
.........##.#.# #..## *
###########.#.# #..#


You could see 2 kobolds and a rat.

Vanquished Creatures
  2 bats (D:1)
  3 hobgoblins (D:1)
  A kobold (D:1)
  A giant cockroach (D:1)
  A giant newt (D:1)
  2 goblins (D:1)
  3 rats (D:1)
13 creatures vanquished.

Notes
Turn   | Place    | Note
--------------------------------------------------------------
     0 | D:1      | Glider the Deep Dwarf Necromancer began the quest for the Orb.
     0 | D:1      | Reached XP level 1. HP: 15/15 MP: 3/3
   223 | D:1      | Reached XP level 2. HP: 10/22 MP: 4/4
   325 | D:1      | Reached skill level 1 in Armour
   354 | D:1      | HP: 1/22 [kobold/club (2)]
   357 | D:1      | Slain by a kobold

Vault maps used:
D:1:      dpeg_arrival_tiny_b, roderic_roman_lattice

Action                   || total
-------------------------++-------
Melee: Unarmed           ||    99
 Stab: Sleeping          ||     2
